Unix NetHack Version 3.7.0-73 Work-in-progress - last build Feb 17 2023 02:16:44 (48fe2e8c4a70f1d2d5b622443eb9b5bc1b8d05f7,branch:master). Game began 2023-02-20 23:06:39, ended 2023-02-20 23:09:12. microlance, lawful female dwarven Valkyrie ------ |.}... SSS..| |hS.}| ------ Microlance the Skirmisher St:18/01 Dx:14 Co:17 In:8 Wi:8 Ch:9 Lawful S:388 Dlvl:3 $:14 HP:0(32) Pw:4(4) AC:6 Xp:3/61 T:539 Latest messages: k - 2 cram rations. You miss the fox. The fox bites! You kill the fox! You see here a statue of a newt. $ - 5 gold pieces (7 in total). You kill the goblin! Welcome to experience level 3. You see here a goblin corpse. There is a goblin corpse here; eat it? [ynq] (n) This goblin corpse tastes okay. You finish eating the goblin corpse. $ - 7 gold pieces (14 in total). You descend the stairs. What do you want to eat? [dk or ?*] You don't have that object. What do you want to eat? [dk or ?*] You don't have that object. What do you want to eat? [dk or ?*] Never mind. Drink from the fountain? [yn] (n) Water gushes forth from the overflowing fountain! Drink from the fountain? [yn] (n) An endless stream of snakes pours forth! The fountain dries up! What do you want to drink? [f or ?*] You don't have that object. What do you want to drink? [f or ?*] Never mind. You kill the water moccasin! The water moccasin bites! A water moccasin was hidden under the water! The water moccasin bites! The water moccasin bites! The water moccasin bites! You miss the water moccasin. The water moccasin bites! The water moccasin bites! The water moccasin just misses! The water moccasin bites! The water moccasin just misses! You miss the water moccasin. The water moccasin just misses! The water moccasin bites! The water moccasin bites! The water moccasin bites! You hit the water moccasin! The water moccasin bites! The water moccasin bites! You die... Inventory: Coins ('$') $ - 14 gold pieces Weapons (')') b - a cursed +0 dagger (alternate weapon; not wielded) a - a +1 dwarvish spear (weapon in hand) Armor ('[') g - an uncursed +0 orcish helm (being worn) c - an uncursed burnt +3 small shield (being worn) h - a cursed -3 studded leather armor (being worn) Comestibles ('%') k - 2 uncursed cram rations d - an uncursed food ration Potions ('!') f - a potion of unholy water Microlance the Valkyrie's attributes: Background: You were a Skirmisher, a level 3 dwarven Valkyrie. You were lawful, on a mission for Tyr who was opposed by Odin (neutral) and Loki (chaotic). You were in the Dungeons of Doom, on level 3. You entered the dungeon 539 turns ago. It was nighttime. There was a new moon in effect when your adventure ended. You had 61 experience points, 19 more were needed to attain level 4. Your score was 388 before end-of-game adjustments. Basics: You had 0 out of 32 hit points. You had all 4 energy points (spell power). Your armor class was 6. Your wallet contained 14 zorkmids. Autopickup was on for '$?!"=/' plus thrown, with exceptions. Final Characteristics: Your strength was 18/01 (limit:18/100). Your dexterity was 14 (limit:20). Your constitution was 17 (limit:20). Your intelligence was 8 (limit:16). Your wisdom was 8 (limit:16). Your charisma was 9 (limit:16). Final Status: You were not hungry. You were unencumbered. You were wielding a spear. You had basic skill with spear. Final Attributes: You were fervently aligned. You were cold resistant. You saw invisible. You had infravision. You were stealthy. You were warded. You are dead. Miscellaneous: You disabled loading of bones levels. Total elapsed playing time was 2 minutes and 32 seconds. Major events: Turn 1: microlance the lawful dwarven Valkyrie entered the dungeon 512: attained the rank of Skirmisher (level 3) 539: killed by a water moccasin Vanquished creatures: a water moccasin a fox a kobold 3 goblins 3 sewer rats 2 grid bugs 2 lichens a newt 14 creatures vanquished. No species were genocided or became extinct. Voluntary challenges: You were an atheist. You read items or engraved 1 time. You never engraved Elbereth. You never genocided any monsters. You never polymorphed an object. You never changed form. You used no wishes. Achievement: You attained the rank of Skirmisher. The Dungeons of Doom: levels 1 to 3 Level 1: Level 2: Level 3: <- You were here. Final resting place for you, killed by a water moccasin. Game over: ---------- / \ / REST \ / IN \ / PEACE \ / \ | microlance | | 14 Au | | killed by a | | water moccasin | | | | | | 2023 | *| * * * | * _________)/\\_//(\/(/\)/\//\/|_)_______ Farvel microlance the Valkyrie... You died in The Dungeons of Doom on dungeon level 3 with 387 points, and 14 pieces of gold, after 539 moves. You were level 3 with a maximum of 32 hit points when you died.